 Dungeon Crawl Stone Soup version 0.28.0-53-g5a82cb258f (webtiles) character file.

Game seed: 18154345099339183881

7 DemonSlayer the Firebug (level 1, 0/13 HPs)
             Began as a Demonspawn Fire Elementalist on Aug 23, 2022.
             Slain by a jackal (1 damage)
             ... on level 1 of the Dungeon.
             The game lasted 00:00:52 (304 turns).

DemonSlayer the Firebug (DsFE)                       Turns: 304, Time: 00:00:52

Health: 0/13       AC:  2    Str:  8    XL:     1   Next: 91%
Magic:  1/3        EV: 12    Int: 16    God:
Gold:   17         SH:  0    Dex: 13    Spells: 3/4 levels left

rFire   . . .      SeeInvis .   (no weapon)
rCold   . . .      Faith    .   (no shield)
rNeg    . . .      Spirit   .   a - +0 robe
rPois   .          Reflect  .   (no helmet)
rElec   .          Harm     .   (no cloak)
rCorr   .          Rampage  .   (no gloves)
Will    .....                   (no boots)
Stlth   +.........              (no amulet)
HPRegen 0.04/turn               (no ring)
MPRegen 0.08/turn               (no ring)

@: very slow
A: no striking features
a: no special abilities


You were on level 1 of the Dungeon.
You visited 1 branch of the dungeon, and saw 1 of its levels.

You collected 17 gold pieces.

Inventory:

Armour
 a - a +0 robe (worn)


   Skills:
 + Level 1.8 Dodging
 + Level 1.8 Stealth
 + Level 2.2 Spellcasting
 + Level 1.2 Conjurations
 + Level 2.8 Fire Magic


You had 3 spell levels left.
You knew the following spells:

 Your Spells              Type           Power      Damage    Failure   Level
a - Foxfire               Conj/Fire      32%        2x1d5     9%          1

Your spell library contained the following spells:

 Spells                   Type           Power      Damage    Failure   Level
 Scorch                   Fire           20%        2d6       10%         2
 Conjure Flame            Conj/Fire      8%         6-21      26%         3
 Inner Flame              Hex/Fire       6%         N/A       34%         3
 Flame Wave               Conj/Fire      8%         2d5       65%         4


Dungeon Overview and Level Annotations

Branches:
Dungeon (1/15)

Altars:


Message History

The jackal splashes around in the water.
The jackal closely misses you.
You are too depleted to draw on your mana recklessly!
You are too depleted to draw on your mana recklessly!
You are too depleted to draw on your mana recklessly!
You hit the jackal but do no damage.
The jackal is heavily wounded.
The jackal splashes around in the water.
Your unstable footing causes you to fumble your attack.
The jackal splashes around in the water.
You barely miss the jackal.
The jackal is heavily wounded.
The jackal misses you. The jackal barely misses you.
Your unstable footing causes you to fumble your attack.
The jackal bites you.
Your unstable footing causes you to fumble your attack.
The jackal closely misses you.
The jackal splashes around in the water.
Your unstable footing causes you to fumble your attack.
The jackal bites you.
You hit the jackal.
The jackal is severely wounded.
The jackal bites you.
You closely miss the jackal.
The jackal is severely wounded.
The jackal splashes around in the water.
The jackal bites you.
* * * LOW HITPOINT WARNING * * *
You hit the jackal but do no damage.
The jackal is severely wounded.
The jackal bites you.
* * * LOW HITPOINT WARNING * * *
Your unstable footing causes you to fumble your attack.
The jackal barely misses you. x2
You barely miss the jackal.
The jackal is heavily wounded.
The jackal bites you but does no damage.
Your unstable footing causes you to fumble your attack.
The jackal bites you.
You die...

#..#######.......
###..#######........
##.h#.##...##........
###..#####.≈..#
#.#.##..#..≈≈.##
#...#.....≈≈..#
#.....≈....≈≈.##
#....h≈≈≈......#
##...@≈≈≈≈....##
#..≈≈≈≈≈≈...##
#..≈≈≈.≈≈≈..#
#.≈≈≈...≈...#.#
#.≈≈..<..≈≈..#
#.≈.≈...≈≈≈.##
#..≈≈≈.≈≈≈≈.#
##.≈≈≈≈≈≈≈..#
#..≈≈≈≈.....#


You could see a jackal.

Vanquished Creatures
  A giant cockroach (D:1)
  2 jackals (D:1)
  A quokka (D:1)
  A ball python (D:1)
  2 rats (D:1)
7 creatures vanquished.

Vanquished Creatures (others)
  31 foxfires (D:1)
31 creatures vanquished.

Grand Total: 38 creatures vanquished

Notes
Turn   | Place    | Note
-------+----------+-------------------------------------------
     0 | D:1      | DemonSlayer the Demonspawn Fire Elementalist began the
                  | quest for the Orb.
     0 | D:1      | Reached XP level 1. HP: 13/13 MP: 3/3
   304 | D:1      | Slain by a jackal

Illustrated notes

Levels and vault maps discovered:
D:1:      dpeg_arrival_subterranean_lakeside_camping, layout_basic,
          hellmonk_ecumenical_altar_lost_god, st_stairs_10,
          minmay_rat_gold_closets

Action                   || total
-------------------------++-------
Melee: Unarmed           ||    14
 Cast: Foxfire           ||    20
Armor: Robe              ||     9
Dodge: Dodged            ||    25
